 Dungeon Crawl Stone Soup version 0.32-a0-975-g85d4e5bfdb (webtiles) character file.

Game seed: 8247929141063947930

247 Shayle the Apothecary (level 6, -1/46 HPs)
             Began as a Coglin Alchemist on Apr 18, 2024.
             Splashed by a jelly's acid (5 damage)
             ... on level 4 of the Dungeon.
             The game lasted 00:14:39 (4280 turns).

Shayle the Apothecary (Coglin Alchemist)            Turns: 4280, Time: 00:14:39

Health: -1/46      AC: -2    Str:  8    XL:     6   Next: 11%
Magic:  8/8        EV: 12    Int: 17    God:
Gold:   218        SH:  0    Dex: 14    Spells: 4/8 levels left

rFire   . . .        s - +2 dagger (venom) {Svenja}
rCold   . . .        f - +0 long sword {Hilda}
rNeg    . . .        a - +0 robe
rPois   .            p - +0 helmet
rElec   .            (no cloak)
rCorr   .            l - +1 pair of gloves
SInv    .            q - +0 pair of boots
Will    .....        (amulet unavailable)
Stlth   ++           (ring unavailable)
HPRegen 0.27/turn    (ring unavailable)
MPRegen 0.11/turn    (no gizmo)

%: no passive effects
@: corroded, revved
A: off-hand wielding, slow wielding, warmup strikes, no jewellery
a: Invent Gizmo


You were on level 4 of the Dungeon.
You visited 1 branch of the dungeon, and saw 4 of its levels.

You collected 218 gold pieces.

Inventory:

Hand Weapons
 f - a +0 long sword (offhand) {Hilda}
 g - a +0 dagger {Leofdaeg}
 h - a +0 short sword {Cihuaton}
 j - a +0 sling
 m - the +7 dagger "Goblinslayer" {pain, Int-5 Dex+3}
   (You found it on level 2 of the Dungeon)

   Int-5:     It affects your intelligence (-5).
   Dex+3:     It affects your dexterity (+3).
 r - a +0 sling
 s - a +2 dagger of venom (weapon) {Svenja}
Armour
 a - a +0 robe (worn)
 l - a +1 pair of gloves (worn)
 p - a +0 helmet (worn)
 q - a +0 pair of boots (worn)
Scrolls
 b - 3 scrolls of vulnerability {unknown}
 d - a scroll of revelation
 i - a scroll of blinking {unknown}
 k - a scroll of fog {unknown}
 n - a scroll of enchant armour {unknown}
 o - a scroll of acquirement {unknown}
Potions
 c - a potion of enlightenment
 e - a potion of mutation


   Skills:
 + Level 2.7 Fighting
 + Level 3.1 Dodging
 - Level 1.5 Stealth
 - Level 1.7 Spellcasting
 + Level 2.6 Conjurations
 + Level 4.5 Alchemy


You had 4 spell levels left.
You knew the following spells:

 Your Spells              Type           Power      Damage    Failure   Level
a - Sting                 Conj/Alch      52%        1d6       4%          1
b - Mephitic Cloud        Conj/Alch/Air  9%         N/A       22%         3

Your spell library contained the following spells:

 Spells                   Type           Power      Damage    Failure   Level
 Mercury Vapours          Alch/Air       18%        N/A       12%         2
 Cigotuvi's Dreadful Rot  Necr/Alch/Air  12%        N/A       16%         2
 Necrotise                Necr           4%         1d4       21%         1
 Sandblast                Erth           2%         2d4       21%         1
 Olgreb's Toxic Radiance  Alch           17%        N/A       30%         4
 Stone Arrow              Conj/Erth      12%        3d7       34%         3
 Passwall                 Erth           1%         N/A       52%         3
 Vampiric Draining        Necr           1%         2d6       52%         3
 Ignite Poison            Fire/Alch      9%         N/A       61%         4
 Sticky Flame             Fire/Alch      9%         2d5       61%         4
 Animate Armour           Summ/Erth      2%         N/A       89%         4
 Martyr's Knell           Necr/Summ      1%         N/A       89%         4
 Freezing Cloud           Conj/Ice/Air   2%         6-21      98%         5
 Curse of Agony           Necr           1%         N/A       99%         5
 Lee's Rapid Deconstruct  Erth           0%         3d4*      99%         5
 Magnavolt                Erth/Air       0%         3d9       100%        7


Dungeon Overview and Level Annotations

Branches:
Dungeon (4/15)
 Temple: D:4-7

Altars:
Uskayaw


Innate Abilities, Weirdness & Mutations

You can wield a second weapon in your off-hand.
It takes a long time for you to wield or remove held weapons.
Your first few attacks do less damage.
You cannot equip rings or amulets.


Message History

You welcome your +2 dagger of venom "Svenja" into your grasp.
You see here a bat corpse.
You see here a +0 giant spiked club.
You see here a frilled lizard corpse.
Found a ring mail.
You see here a +0 ring mail.
Found a dagger.
You see here a +0 dagger.
There is a stone staircase leading down here.
Done exploring.
Done exploring.
There is a huge open gate here.
There is a stone staircase leading down here.
You climb downwards.
The jelly quivers.
Found 16 gold pieces and a great mace.
There is a stone staircase leading up here.
A jelly is nearby!
Found 13 gold pieces.
The jelly closely misses you.
You barely miss the jelly with your +2 dagger of venom.
You hit the jelly but do no damage. The acid corrodes you!
Your graspers burn!
The jelly completely misses you.
You hit the jelly with your +2 dagger of venom.
Your graspers burn!
The jelly is moderately wounded.
You hit the jelly with your +0 long sword.
Your graspers burn!
The jelly barely misses you.
You hit the jelly but do no damage.
The jelly is poisoned.
Your graspers burn!
The jelly is heavily wounded.
You hit the jelly with your +0 long sword.
Your graspers burn!
The jelly hits you.
You are splashed with acid!
You hit the jelly but do no damage.
Your graspers burn!
The jelly is almost dead.
You hit the jelly but do no damage.
Your graspers burn!
The jelly hits you.
* * * LOW HITPOINT WARNING * * *
The acid corrodes you!
You are splashed with acid!
* * * LOW HITPOINT WARNING * * *
You hit the jelly but do no damage.
Your graspers burn!
You die...

.###### ...#...
..... # #.#.# #
##.#.#.###.#
.##...<......#
...$.....#.##.####
####)..#...##.....
##.....@J..#
#...#####.....
#... .... #..$ ..
....# .#... ...


You could see a jelly (poisoned).

Vanquished Creatures
  An ogre (D:3)
  Natasha (thrice) (D:1)
  2 adders (D:1)
  An adder zombie (D:2)
  4 orcs
  6 bats
  A bat zombie (D:2)
  7 endoplasms
  6 goblins
  2 hobgoblins (D:1)
  4 jackals
  3 kobolds
  5 quokkas
  4 ball pythons
  A ball python simulacrum (D:2)
  A ball python skeleton (D:2)
  3 frilled lizards
  2 jackal skeletons (D:2)
  7 rats
63 creatures vanquished.

Notes
Turn   | Place    | Note
-------+----------+-------------------------------------------
     0 | D:1      | Shayle the Coglin Alchemist began the quest for the Orb.
     0 | D:1      | Reached XP level 1. HP: 13/13 MP: 3/3
   172 | D:1      | Reached skill level 1 in Conjurations
   424 | D:1      | Reached XP level 2. HP: 12/20 MP: 0/4
  1126 | D:2      | Reached skill level 1 in Fighting
  1180 | D:1      | Reached XP level 3. HP: 13/26 MP: 1/5
  1308 | D:2      | Found a hide-covered altar of Uskayaw.
  1387 | D:2      | Identified the +0 ring mail of the Blessed Realm {Harm
                  | rPois Int-5 SInv}
  1744 | D:2      | Noticed Natasha
  1840 | D:2      | Reached XP level 4. HP: 28/32 MP: 2/6
  1936 | D:1      | Learned a level 3 spell: Mephitic Cloud
  1948 | D:1      | Killed Natasha
  1949 | D:1      | Reached skill level 4 in Alchemy
  2250 | D:1      | Noticed Natasha
  2256 | D:1      | Killed Natasha
  2676 | D:1      | Noticed Natasha
  2710 | D:1      | Reached XP level 5. HP: 13/38 MP: 7/7
  3131 | D:2      | Identified the +7 dagger "Goblinslayer" {pain, Int-5 Dex+3}
  3253 | D:1      | Killed Natasha
  3407 | D:3      | Found a faded altar of an unknown god.
  3928 | D:3      | Noticed an ogre
  3940 | D:3      | Killed an ogre
  3941 | D:3      | Reached XP level 6. HP: 25/46 MP: 8/8
  4280 | D:4      | Splashed by a jelly's acid

Illustrated notes

Levels and vault maps discovered:
D:1:      amcnicky_arrival_gap_in_the_tavern_cellar, layout_loops_corners
D:2:      layout_rooms, basic_altar, dilly_guarded_unrand_morg
D:3:      layout_loops_ring, hellmonk_ecumenical_altar_heavens_door,
          minmay_increasing_density
D:4:      cheibrodos_helix_gallery, layout_loops_ring,
          eat_drink_and_be_merry_uskayaw, grunt_temple_overflow_open,
          serial_shops, kennysheep_mini

Skill      XL: |  1  2  3  4  5 |
---------------+----------------+-----
Conjurations   | 1 2 |  2.6
Dodging        | 2 3 |  3.1
Fighting       | 1 2 |  2.7
Alchemy        | 4 |  4.5
Stealth        | |  1.5
Spellcasting   | |  1.7

Action                     |  1- 3 |  4- 6 || total
---------------------------+-------+-------++-------
  Melee: Unarmed           |    21 |       ||    21
         Dagger            |    46 |    66 ||   112
         Short sword       |    43 |    39 ||    82
         Long sword        |       |    25 ||    25
   Cast: Sting             |    40 |     5 ||    45
         Mephitic Cloud    |       |     7 ||     7
    Use: Scroll            |       |     3 ||     3
         Potion            |       |     1 ||     1
   Stab: Sleeping          |     2 |     2 ||     4
         Confused          |       |     3 ||     3
 Armour: Robe              |    49 |    62 ||   111
  Dodge: Dodged            |    53 |    55 ||   108

Table legend: (Time is in decaauts)
 A = Elapsed time spent in this place.
 B = Non-inter-level travel time spent in this place.
 C = Inter-level travel time spent in this place.
 D = Time resting spent in this place.
 E = Time spent auto-exploring this place.
 F = Levels seen in this place.
 G = Mean time per level.
                   A        B        C        D        E       F      G
               +--------+--------+--------+--------+--------+-----+--------+
         Total |   4294 |   3445 |    849 |    760 |   1904 |   4 | 1073.5 |
       Dungeon |   4294 |   3445 |    849 |    760 |   1904 |   4 | 1073.5 |
               +--------+--------+--------+--------+--------+-----+--------+

Top non-repeatable levels by time:
     D:1: 2569 daAuts
     D:3: 942 daAuts
     D:2: 773 daAuts
     D:4: 8 daAuts
